 Dungeon Crawl Stone Soup version 0.25-a0-94-g9e23508adf (webtiles) character file.

Game seed: 15542112571130487217, levelgen mode: deterministic

46 Hyakuya the Skirmisher (level 3, -3/33 HPs)
             Began as a Hill Orc Fighter on Nov 11, 2019.
             Slain by a gnoll
             ... wielding a +0 whip
              (5 damage)
             ... on level 2 of the Dungeon.
             The game lasted 00:09:30 (2306 turns).

Hyakuya the Skirmisher (Hill Orc Fighter)           Turns: 2306, Time: 00:09:30

Health: -3/33      AC:  9    Str: 19    XL:     3   Next: 68%
Magic:  0/3        EV:  5    Int:  8    God:
Gold:   78         SH:  8    Dex:  5    Spells: 2/2 levels left

rFire    . . .     SeeInvis .   a - +0 war axe
rCold    . . .     Gourm    .   c - +0 shield
rNeg     . . .     Faith    .   v - +0 chain mail
rPois    .         Spirit   +   (no helmet)
rElec    .         Reflect  .   (no cloak)
rCorr    .         Harm     .   (no gloves)
MR       .....                  (no boots)
Stlth    ..........             s - amulet of guardian spirit
HPRegen  0.11/turn              w - -5 ring of dexterity (curse)
MPRegen  0.08/turn              (no ring)

@: no status effects
A: no striking features
a: no special abilities


You were on level 2 of the Dungeon.
You were not hungry.

You visited 1 branch of the dungeon, and saw 2 of its levels.

You collected 78 gold pieces.

Inventory:

Hand Weapons
 a - a +0 war axe (weapon)
 g - a cursed -3 spear
 h - a +0 club
 i - a +0 short sword
 l - a +2 hand axe of flaming
 m - a +0 hunting sling
 n - a +0 club
 o - a +0 club
 u - a +0 club
Missiles
 e - 61 arrows
 p - 15 bolts
 t - 20 poisoned darts (quivered)
Armour
 b - a +0 scale mail
 c - a +0 shield (worn)
 r - a +0 scale mail
 v - a +0 chain mail (worn)
 y - a +0 ring mail
Jewellery
 s - an amulet of guardian spirit (around neck)
 w - a cursed -5 ring of dexterity (left hand)
Scrolls
 f - a scroll of enchant armour {unknown}
 j - 2 scrolls of identify {unknown}
 k - a scroll of enchant weapon {unknown}
 x - a scroll of fear {unknown}
Potions
 d - a potion of might
 q - a potion of brilliance {unknown}


   Skills:
 + Level 4.0 Fighting
 + Level 3.4 Axes
 + Level 3.8 Armour
 + Level 0.3 Stealth
 + Level 3.7 Shields


You had 2 spell levels left.
You didn't know any spells.
Your spell library was empty.

Dungeon Overview and Level Annotations

Branches:
Dungeon (2/15)

Altars:


Message History

The gnoll hits you with a +0 whip!
* * * LOW HITPOINT WARNING * * *
The adder barely misses you.
You closely miss the adder. You barely miss the gnoll.
The gnoll hits you with a +0 whip!
* * * LOW HITPOINT WARNING * * *
You block the adder's attack. The gnoll barely misses you.
You block the adder's attack.
You miss the adder.
Your chain mail prevents you from hitting the gnoll.
You feel sick.
You are no longer poisoned.
The adder bites you.
* * * LOW HITPOINT WARNING * * *
The gnoll hits you but does no damage.
Your chain mail prevents you from hitting the gnoll.
The gnoll is heavily wounded.
You miss the adder. The adder bites you but does no damage.
The gnoll hits you with a +0 whip.
You die...

....###...(......#
.......)..(....#...
####........##.#
#.. #.....#### ...
. #.....# ####
#.....# #.....#
#...S.# ....###@##
.... #g# ... #..g#
....g.### ....##
.g. .g .


You could see 2 gnolls and an adder.

Vanquished Creatures
  2 adders (D:2)
  A dart slug (D:1)
  A leopard gecko (D:2)
  2 goblins (D:1)
  4 hobgoblins (D:1)
  2 jackals (D:1)
  5 bats
  3 frilled lizards (D:1)
  3 kobolds
  5 rats
28 creatures vanquished.

Notes
Turn   | Place    | Note
-------+----------+-------------------------------------------
     0 | D:1      | Hyakuya the Hill Orc Fighter began the quest for the Orb.
     0 | D:1      | Reached XP level 1. HP: 19/19 MP: 1/1
   538 | D:1      | Reached XP level 2. HP: 19/27 MP: 2/2
  1466 | D:1      | Reached XP level 3. HP: 33/33 MP: 3/3
  1859 | D:2      | Reached skill level 4 in Fighting
  2305 | D:2      | HP: 1/33 [adder (1)]
  2306 | D:2      | Slain by a gnoll

Levels and vault maps discovered:
D:1:      minmay_arrival_split_and_join, layout_basic
D:2:      layout_rooms

Skill      XL: |  1  2  3 |
---------------+----------+-----
Axes           | 3 |  3.4
Fighting       | 4 |  4.0
Armour         | |  3.8
Stealth        | |  0.3
Shields        | |  3.7

Action                   || total
-------------------------++-------
Melee: War axe           ||   119
  Eat: Ration            ||     1
       Chunk             ||     1
Armor: Scale mail        ||    24
       Chain mail        ||    85
Dodge: Dodged            ||    46
Block: Shield            ||    90

Table legend:
 A = Non-vault XP
 B = Vault XP
 C = Vault XP percentage of total XP
 D = Non-vault monster count
 E = Vault monster count
 F = Vault count percentage of total count
                 A         B        C        D         E       F
            +---------+---------+-------+---------+---------+-------
      Total |      67 |       0 |   0.0 |      28 |       0 |   0.0
            +---------+---------+-------+---------+---------+-------
        D:1 |      34 |       0 |   0.0 |      21 |       0 |   0.0
        D:2 |      33 |       0 |   0.0 |       7 |       0 |   0.0
            +---------+---------+-------+---------+---------+-------
